 Dungeon Crawl Stone Soup version 0.31-a0-188-g5e087ee2ca (webtiles) character file.

Game seed: 6944349442451830737

37 qw the Shooter (level 3, -1/20 HPs)
             Began as a Deep Elf Hunter on June 23, 2023.
             Slain by a kobold
             ... wielding a +0 short sword
              (2 damage)
             ... on level 2 of the Dungeon.
             The game lasted 00:00:14 (899 turns).

qw the Shooter (Deep Elf Hunter)                     Turns: 899, Time: 00:00:15

Health: -1/20      AC:  4    Str: 10    XL:     3   Next: 23%
Magic:  5/5        EV: 12    Int: 13    God:
Gold:   52         SH:  0    Dex: 18    Spells: 2/2 levels left

rFire   . . .        a - +2 orcbow (flame)
rCold   . . .        (shield currently unavailable)
rNeg    . . .        c - +0 leather armour
rPois   .            (no helmet)
rElec   .            (no cloak)
rCorr   .            (no gloves)
SInv    .            g - +0 pair of boots
Will    .....        (no amulet)
Stlth   ++           (no ring)
HPRegen 0.23/turn    (no ring)
MPRegen 0.09/turn

%: no passive effects
@: lethally poisoned (-1 -> -4)
A: no striking features
a: no special abilities


You were on level 2 of the Dungeon.
You visited 1 branch of the dungeon, and saw 2 of its levels.

You collected 52 gold pieces.


   Skills:
 - Level 1.5 Fighting
 + Level 6.8 Ranged Weapons
 - Level 2.4 Dodging
 - Level 1.2 Stealth


You had 2 spell levels left.
You didn't know any spells.
Your spell library was empty.

Inventory:

Hand Weapons
 a - a +2 orcbow of flaming (weapon)
Armour
 c - a +0 leather armour (worn)
 g - a +0 pair of boots (worn)
Potions
 b - a potion of heal wounds {unknown}
 h - a potion of invisibility {unknown}

Dungeon Overview and Level Annotations

Branches:
Dungeon (2/15)

Altars:


Message History

A dart slug comes into view.
You shoot an arrow. The arrow hits the dart slug!
The arrow burns the dart slug.
You kill the dart slug!
You have reached level 3!
Your experience leads to an increase in your attributes!
Increase (S)trength, (I)ntelligence, or (D)exterity?
You feel stronger. x2
Things that are here:
a +0 sling; a +0 dagger; a dart slug corpse An adder and a kobold come into view.
The adder hisses angrily.
The kobold shouts!
The adder completely misses you.
You shoot an arrow. The arrow barely misses the adder.
The adder bites you but does no damage.
You shoot an arrow. The arrow closely misses the adder.
The adder bites you but does no damage. The adder misses you.
You shoot an arrow. The arrow misses the adder.
The adder bites you but does no damage. The adder bites you.
You are poisoned.
The adder poisons you!
You shoot an arrow. The arrow closely misses the adder.
You feel very sick. The adder bites you.
You shoot an arrow. The arrow closely misses the adder.
You feel sick. The adder bites you.
You are more poisoned.
The adder poisons you!
The kobold throws a stone.
The stone misses you. The adder barely misses you.
You shoot an arrow. The arrow closely misses the adder.
You feel sick. The adder completely misses you. The adder barely misses you.
You shoot an arrow. The arrow hits the adder!
The arrow burns the adder.
You kill the adder!
You feel sick.
The kobold hits you with a +0 short sword.
The kobold hits you but does no damage.
You shoot an arrow.
The arrow hits the kobold but does no damage.
You feel sick.
The kobold hits you with a +0 short sword.
You die...

.# #.. ##. ###.##### ..
#.. . ........ .. ..# ..
....... .####.#### ...
.....## # ##.. .$...# ...
......##....#$.. #.##.# ..
...............!##.##.##.#
.<....##.% #...K@........#
##........ #.##.##.##)####
##........ ......##.#
......###. .....#####.##
##.##### ##.####......##
#.#...## ... #.......##
#......##.. #........#
#......##. #.......##
##.....# #......##


You could see a kobold.

Vanquished Creatures
  An adder (D:2)
  A worm (D:2)
  2 dart slugs
  A ball python (D:1)
  3 endoplasms
  A giant cockroach (D:1)
  A goblin (D:2)
  A hobgoblin (D:1)
  3 jackals (D:1)
  3 bats (D:1)
  2 frilled lizards (D:1)
  2 rats (D:1)
21 creatures vanquished.

Notes
Turn   | Place    | Note
-------+----------+-------------------------------------------
     0 | D:1      | qw the Deep Elf Hunter began the quest for the Orb.
     0 | D:1      | Reached XP level 1. HP: 12/12 MP: 3/3
     0 | D:1      | 0 ||| qw: Version: 0.3-a-9-g12657ce
     0 | D:1      | 0 ||| qw: Game counter: 3195
     0 | D:1      | 0 ||| qw: Always use a shield: true
     0 | D:1      | 0 ||| qw: God list: Okawaru
     0 | D:1      | 0 ||| qw: Allow faded altars: false
     0 | D:1      | 0 ||| qw: Do Orc after D:15 true
     0 | D:1      | 0 ||| qw: Do second Lair branch before Depths: true
     0 | D:1      | 0 ||| qw: Lair rune preference: random
     0 | D:1      | 0 ||| qw: Plans: Normal
     0 | D:1      | 0 ||| PLANNING D:1-11
   229 | D:1      | Reached XP level 2. HP: 16/16 MP: 4/4
   236 | D:1      | Reached skill level 6 in Ranged Weapons
   762 | D:1      | 762 ||| UPGRADING to +0 pair of boots.
   767 | D:1      | 767 ||| READING scroll labelled LUOPSO BEHIHA.
   768 | D:1      | 768 ||| READING scroll labelled CAOSUE JYJYRCH.
   769 | D:1      | 769 ||| READING scroll labelled JAYL LEUDIN.
   769 | D:1      | Identified a scroll of acquirement
   769 | D:1      | 769 ||| ACQUIRING +2 orcbow of flaming
   769 | D:1      | Acquired a +2 orcbow of flaming
   771 | D:1      | 771 ||| SWAPPING to +2 orcbow of flaming.
   772 | D:1      | 772 ||| DROPPING +0 shortbow.
   773 | D:1      | 773 ||| DROPPING scroll of butterflies.
   877 | D:2      | Reached XP level 3. HP: 20/20 MP: 5/5
   898 | D:2      | HP: 3/20 [kobold/+0 short sword (3)]
   899 | D:2      | HP: 1/20 [poisoned by an adder]
   899 | D:2      | Slain by a kobold

Levels and vault maps discovered:
D:1:      amcnicky_arrival_choice, layout_basic
D:2:      layout_loops_cross, ebering_ecumenical_altar_rust, uniq_natasha,
          uniq_terence

Skill      XL: |  1  2 |
---------------+-------+-----
Ranged Weapons | 6 |  6.8
Fighting       | |  1.5
Dodging        | |  2.4
Stealth        | |  1.2

Action                     || total
---------------------------++-------
   Fire: Shortbow          ||    38
         Orcbow            ||    14
    Use: Scroll            ||     3
 Armour: Leather armour    ||     6
  Dodge: Dodged            ||    13

Table legend:
 A = Non-vault XP
 B = Vault XP
 C = Vault XP percentage of total XP
 D = Non-vault monster count
 E = Vault monster count
 F = Vault count percentage of total count
                 A         B        C        D         E       F
            +---------+---------+-------+---------+---------+-------
      Total |      54 |       0 |   0.0 |      21 |       0 |   0.0
            +---------+---------+-------+---------+---------+-------
        D:1 |      28 |       0 |   0.0 |      16 |       0 |   0.0
        D:2 |      26 |       0 |   0.0 |       5 |       0 |   0.0
            +---------+---------+-------+---------+---------+-------
